Map: Ruins of Seras

Players

Teo

  • Race: Protoss Protoss
  • League: Diamond

NextGen - Winner!

  • Race: Protoss Protoss
  • League: Diamond

VOD

Have the link to the VOD?

Description

Time

  • Played on: Jan. 21, 2016, 10:59 p.m.
  • Length: 8:49
Show
View Real Time Build Order
Export as new Build Order

Teo Protoss 

Build Orders: 1 Gate Expand, Blink Stalkers 

Get SALT Encoding   

  12  0:01  Probe (Chrono Boost)  
  13  0:11  Probe (Chrono Boost)  
  14  0:18  Pylon  
  14  0:23  Probe (Chrono Boost)  
  15  0:36  Probe (Chrono Boost)  
  15  0:41  Gateway  
  16  0:47  Probe (Chrono Boost)  
  17  0:52  Assimilator  
  17  0:57  Probe (Chrono Boost)  
  18  1:09  Probe (Chrono Boost)  
  19  1:23  Nexus  
  19  1:34  Cybernetics Core  
  19  1:36  Probe (Chrono Boost)  
  20  1:43  Pylon  
  21  1:47  Probe (Chrono Boost)  
  21  1:51  Assimilator  
  21  1:58  Probe (Chrono Boost)  
  23  2:08  Probe (Chrono Boost)  
  23  2:12  Warp Gate  
  23  2:27  Mothership Core (Chrono Boost), Pylon  
  25  2:35  Stalker (Chrono Boost)  
  27  2:42  Probe  
  27  2:44  Pylon  
  27  2:46  Gateway  
  28  2:55  Probe  
  28  2:57  Probe  
  30  3:06  Twilight Council  
  30  3:08  Probe  
  30  3:09  Probe  
  32  3:17  Stalker (Chrono Boost)  
  34  3:23  Probe (Chrono Boost)  
  34  3:27  Probe (Chrono Boost)  
  36  3:33  Stalker  
  38  3:36  Probe (Chrono Boost)  
  38  3:38  Probe (Chrono Boost)  
  40  3:47  Blink (Chrono Boost)  
  40  3:56  Probe  
  40  3:58  Probe  
  42  4:07  Probe  
  43  4:10  Probe  
  44  4:18  Probe  
  44  4:20  Robotics Facility  
  44  4:22  Probe  
  46  4:30  Gateway  
  46  4:33  Probe  
  46  4:34  Probe  
  48  4:43  Pylon  
  47  4:46  Stalker x2  
  50  4:54  Probe  
  50  4:55  Probe  
  52  5:03  Forge  
  52  5:07  Pylon  
  52  5:08  Pylon  
  52  5:09  Warp Prism  
  54  5:23  Pylon  
  54  5:24  Stalker  
  54  5:25  Stalker x2  
  60  5:35  Gateway  
  59  5:46  Pylon, Photon Cannon  
  59  5:49  Photon Cannon  
  59  5:51  Photon Cannon  
  59  6:12  Photon Cannon  
  59  6:13  Photon Cannon  
  59  6:17  Stalker  
  59  6:18  Stalker  
  63  6:26  Gateway  
  63  6:28  Gateway  
  63  6:33  Gateway  
  63  6:43  Gateway  
  63  6:48  Gateway  
  62  6:56  Stalker x3  
  66  7:20  Stalker x3  
  72  7:29  Stalker, Gateway  
  55  7:49  Stalker x4  
  55  7:50  Stalker  
  63  7:55  Warp Prism (Chrono Boost)  
  65  8:13  Pylon  
  65  8:14  Pylon  
  65  8:16  Stalker x5  
  65  8:17  Stalker  
  75  8:38  Stalker  
  75  8:39  Stalker x2  
Show
View Real Time Build Order
Export as new Build Order

NextGen Protoss - Winner!

Build Orders: Phoenix Opening 

Get SALT Encoding   

  12  0:01  Probe (Chrono Boost)  
  13  0:12  Probe (Chrono Boost)  
  14  0:18  Pylon  
  14  0:24  Probe (Chrono Boost)  
  15  0:37  Probe (Chrono Boost)  
  15  0:39  Gateway  
  16  0:47  Probe (Chrono Boost)  
  17  0:52  Assimilator  
  17  0:58  Probe (Chrono Boost)  
  18  1:08  Probe (Chrono Boost)  
  19  1:12  Pylon  
  19  1:19  Probe (Chrono Boost)  
  19  1:21  Assimilator  
  20  1:29  Probe (Chrono Boost)  
  20  1:30  Cybernetics Core  
  22  1:40  Probe (Chrono Boost)  
  22  1:51  Probe (Chrono Boost)  
  23  2:01  Probe (Chrono Boost)  
  23  2:07  Stargate  
  24  2:15  Warp Gate  
  24  2:23  Nexus  
  24  2:31  Probe (Chrono Boost)  
  25  2:42  Probe (Chrono Boost)  
  26  2:52  Phoenix (Chrono Boost)  
  26  2:56  Probe (Chrono Boost)  
  29  3:01  Pylon  
  29  3:11  Robotics Facility  
  29  3:12  Probe  
  30  3:21  Phoenix (Chrono Boost)  
  30  3:26  Probe  
  33  3:35  Pylon  
  33  3:36  Probe  
  34  3:41  Probe  
  34  3:46  Phoenix (Chrono Boost)  
  37  3:51  Probe  
  37  3:54  Probe  
  39  3:59  Observer (Chrono Boost)  
  40  4:03  Void Ray  
  40  4:04  Probe  
  45  4:14  Probe  
  45  4:16  Probe  
  47  4:22  Assimilator  
  47  4:25  Immortal (Chrono Boost)  
  47  4:26  Assimilator  
  47  4:27  Probe  
  52  4:33  Pylon  
  52  4:35  Probe  
  53  4:39  Probe  
  54  4:49  Void Ray  
  54  4:56  Probe x2  
  60  5:04  Warp Prism (Chrono Boost)  
  62  5:08  Probe  
  62  5:09  Probe  
  64  5:20  Probe  
  64  5:21  Probe  
  66  5:26  Void Ray  
  70  5:50  Gateway  
  70  5:52  Gateway, Pylon  
  70  5:53  Pylon  
  70  5:59  Gateway  
  70  6:01  Gateway  
  70  6:02  Gateway, Pylon  
  74  6:11  Immortal (Chrono Boost)  
  74  6:15  Mothership Core  
  76  6:23  Gateway  
  76  6:24  Void Ray  
  80  6:35  Sentry  
  82  6:46  Pylon  
  86  6:48  Immortal (Chrono Boost)  
  86  6:52  Pylon  
  86  6:55  Pylon  
  86  6:57  Stalker x4  
  92  7:06  Void Ray  
  96  7:21  Observer (Chrono Boost)  
  97  7:23  Stalker x4  
  101  7:47  Stalker  
  101  7:48  Stalker x3, Sentry  
  101  7:49  Sentry x2  
  115  8:05  Pylon  
  115  8:06  Observer (Chrono Boost)  
  115  8:07  Pylon  
  115  8:09  Pylon  
  115  8:11  Pylon  
  116  8:15  Stalker  
Tags
 
Add a new tag
Caveats
  • Supply blocks, unpowered buildings, or Contaminate may cause inaccurate times.
  • Supply counts are checked every 10 seconds.